Unix NetHack Version 3.7.0-101 Work-in-progress - last build Apr 1 2024 13:39:02 (cf3915abb6dcc6e3362b2b16a766b7b4f6c45fc9,branch:master). Game began 2024-04-04 16:21:37, ended 2024-04-04 17:03:19. spontiff, neutral male gnomish Healer # ------------ -.--- |..........| ---------------- |...| #-...">.....| |.?)@m!?[%!?*.)| |...| #|..........-# |..*%%!?][r..?.| ----...---- #####------------########(###########-@!(+.+....!.!.| |.........| # ## #-----# |..?*?%!()/!.[.| |.........| # # #|...|# ---------------- |.........-######### ####-e..|# -|--------- ## #### #|...|# ###### ## ##### #|....#####0# -------.------## #### ### #---|- ############## |.......F.<..|# ############ # # ## ---.- |.............# # ----.- # # |...| |............| # |....| ### # |...| |.............########### ##.....| ### ##-..)| |............| ## |....| ## ----- -------------- ######......## ------ Spontiff the Rhizotomist St:11 Dx:10 Co:13 In:11 Wi:13 Ch:18 Neutral S:200 Dlvl:3 $:114 HP:0(25) Pw:6(6) AC:6 Xp:1/0 T:2198 Conf Latest messages: You feel an unseen monster! You feel an unseen monster! You can see again. You swap places with your large cat. What do you want to use or apply? [oswxJS or ?*] s In what direction? n You hear nothing special. What do you want to use or apply? [oswxJS or ?*] s In what direction? n You hear nothing special. What do you want to use or apply? [oswxJS or ?*] s In what direction? n You hear nothing special. What do you want to use or apply? [oswxJS or ?*] s In what direction? j You hear nothing special. What do you want to use or apply? [oswxJS or ?*] s In what direction? n You hear nothing special. You descend the stairs. The little dog bites! What do you want to throw? [$kFW or ?*] y In what direction? h The little dog seems more amiable. The apple misses the little dog. y - an uncursed apple (6 in total). You swap places with your large cat. The large cat bites the little dog. The large cat bites it. It misses the large cat. You swap places with your large cat. You swap places with the peaceful little dog. The large cat bites the little dog. The little dog is killed! What do you want to use or apply? [oswxJS or ?*] s In what direction? l Status of the large cat (neutral, small): Level 9 HP 65(66) AC 4, tame. You step onto a level teleport trap! You feel disoriented. You materialize on a different level! You remember this level as Stashlet. "Hello, spontiff! Welcome again to Chibougamau's general store!" You see here a plate mail (for sale, 400 zorkmids). You find a giant mimic. The giant mimic hits! The giant mimic hits again! You die... Chibougamau gratefully inherits all your possessions. Do you want to see what you had when you died? [ynq] (y) y Do you want to see the dungeon overview? [ynq] (y) q Inventory: Coins $ - 114 gold pieces Weapons W - a blessed +0 dart k - an uncursed +0 orcish dagger F - a blessed +1 long sword Armor h - an uncursed +0 orcish helm (being worn) g - an uncursed +1 pair of leather gloves (being worn) v - an uncursed +1 pair of jumping boots d - an uncursed +0 leather jacket (being worn) Comestibles y - 6 uncursed apples c - an uncursed carrot o - an uncursed eucalyptus leaf n - 3 uncursed food rations p - 4 uncursed tripe rations Scrolls m - a blessed scroll of confuse monster P - an uncursed scroll of confuse monster Q - a cursed scroll of confuse monster I - 2 uncursed scrolls of identify H - an uncursed scroll of teleportation Spellbooks w - an uncursed spellbook of confuse monster Potions L - a blessed potion of booze C - 3 uncursed potions of extra healing A - a cursed potion of fruit juice T - 2 cursed potions of healing u - an uncursed potion of see invisible B - a potion of holy water z - an uncursed potion of water named UNC Rings R - an uncursed +1 ring of increase damage named !c Wands J - an uncursed wand of probing (0:5) S - an uncursed wand of sleep (0:4) Tools x - an uncursed oil lamp s - an uncursed stethoscope Gems/Stones q - an uncursed worthless piece of black glass r - an uncursed worthless piece of yellow glass Spontiff the Healer's attributes: Background: You were a Rhizotomist, a level 1 male gnomish Healer. You were neutral, on a mission for Hermes who was opposed by Athena (lawful) and Poseidon (chaotic). You were left-handed. You were in the Dungeons of Doom, on level 3. You entered the dungeon 2198 turns ago. You had 0 experience points, 20 were needed to attain level 2. Your score was 200 before end-of-game adjustments. Basics: You had 0 out of 25 hit points. You had all 6 energy points (spell power). Your armor class was 6. Your wallet contained 114 zorkmids. Autopickup was on, but temporarily disabled while inside the shop. Final Characteristics: Your strength was 11 (limit:18/50). Your dexterity was 10 (limit:18). Your constitution was 13 (limit:18). Your intelligence was 11 (limit:19). Your wisdom was 13 (limit:18). Your charisma was 18 (limit:18). Final Status: You were confused. You were held by a giant mimic (east). You weren't hungry. You were unencumbered. You were empty handed. You were unskilled in bare handed combat. Final Attributes: You were fervently aligned. You were poison resistant. You had infravision. You are dead. Miscellaneous: You encountered 1 bones level. Total elapsed playing time was 41 minutes and 42 seconds. Major events: Turn 1: spontiff the neutral male gnomish Healer entered the dungeon 2170: entered the Gnomish Mines 2198: killed by a giant mimic Vanquished creatures: a little dog an acid blob a coyote a gas spore 3 hobbits 2 giant rats a yellow mold 2 geckos 10 jackals a fox 2 kobolds 5 goblins 2 sewer rats 8 grid bugs a bat 4 lichens a kobold zombie 7 newts 53 creatures vanquished. No species were genocided or became extinct. Voluntary challenges: You never hit with a wielded weapon. You were a pacifist. You were illiterate. You never engraved Elbereth. You never genocided any monsters. You never polymorphed an object. You never changed form. You used no wishes. Achievements: You entered a shop. You entered the Gnomish Mines. The Dungeons of Doom: levels 1 to 5 Level 1: "iron bars; room of pool walls" A fountain. Level 2: A potion shop. Level 3: "Stashlet" <- You were here. A general store. Final resting place for you, killed by a giant mimic. Level 4: Stairs down to The Gnomish Mines. Level 5: Final resting place for ChefGraham-Ran-Orc-Mal-Cha, killed by a troll. The Gnomish Mines: Level 5: Game over: ---------- / \ / REST \ / IN \ / PEACE \ / \ | spontiff | | 114 Au | | killed by a | | giant mimic | | | | | | 2024 | *| * * * | * _________)/\\_//(\/(/\)/\//\/|_)_______ Goodbye spontiff the Healer... You died in The Dungeons of Doom on dungeon level 3 with 200 points, and 114 pieces of gold, after 2198 moves. You were level 1 with a maximum of 25 hit points when you died.